 Dungeon Crawl Stone Soup version 0.30-a0-49-g1cef19eb02 (webtiles) character file.

Game seed: 16462110328978344207

5055 scionoferis the Carver (level 10, -1/80 HPs)
             Began as a Naga Warper on Sept 2, 2022.
             Was a Follower of Wu Jian.
             Slain by a death yak (15 damage)
             ... on level 8 of the Dungeon.
             The game lasted 00:26:13 (11413 turns).

scionoferis the Carver (Naga Warper)               Turns: 11413, Time: 00:26:15

Health: -1/80      AC:  8    Str: 13    XL:     10   Next: 56%
Magic:  13/13      EV:  9    Int: 14    God:    Wu Jian [*.....]
Gold:   496        SH: 16    Dex: 15    Spells: 11/13 levels left

rFire   . . .      SeeInvis +    a - +2 long sword (vorpal)
rCold   . . .      Faith    .    F - +2 kite shield
rNeg    + . .      Spirit   .    y - +0 ring mail
rPois   +          Reflect  +    (no helmet)
rElec   .          Harm     .    D - +0 cloak
rCorr   .          Rampage  .    (no gloves)
Will    ++...                    (no barding)
Stlth   +.........               I - amulet of reflection
HPRegen 0.23/turn                o - ring of willpower
MPRegen 0.13/turn                t - ring of positive energy

@: very slow
A: AC +3, large, see invisible, deformed body, poison resistance, slowness 2,
spit poison 1, naga tail 1
a: Spit Poison, Renounce Religion


You were on level 8 of the Dungeon.
You worshipped Wu Jian.
Wu Jian was aware of your devotion.
You visited 2 branches of the dungeon, and saw 9 of its levels.

You collected 496 gold pieces.

Inventory:

Hand Weapons
 a - a +2 vorpal long sword (weapon)
 l - a +0 sling
Missiles
 d - 6 boomerangs of dispersal (quivered)
 m - 5 boomerangs
 q - 2 throwing nets
 v - 10 poisoned darts
Armour
 i - a scarf of repulsion
 y - a +0 ring mail (worn)
 D - a +0 cloak (worn)
 F - a +2 kite shield (worn)
Jewellery
 o - a ring of willpower (left hand)
 t - a ring of positive energy (right hand)
 I - an amulet of reflection (around neck)
Wands
 w - a wand of digging (5)
 C - a wand of quicksilver (2)
 J - a wand of flame (13)
Scrolls
 g - 5 scrolls of teleportation
 k - 2 scrolls of amnesia {unknown}
 n - 2 scrolls of magic mapping {unknown}
 H - a scroll of silence {unknown}
Potions
 e - a potion of resistance
 j - 3 potions of flight
 p - a potion of brilliance
 A - a potion of mutation {unknown}


   Skills:
 - Level 2.2 Fighting
 * Level 11.3 Long Blades
 - Level 0.8 Throwing
 - Level 5.0 Armour
 - Level 5.0 Dodging
 + Level 4.4 Shields
 - Level 2.0 Spellcasting
 - Level 5.0 Translocations


You had 11 spell levels left.
You knew the following spells:

 Your Spells              Type           Power      Damage    Failure   Level
a - Blink                 Tloc           30%        N/A       21%         2

Your spell library contained the following spells:

 Spells                   Type           Power      Damage    Failure   Level
 Gell's Gravitas          Tloc           15%        N/A       38%         3
 Lesser Beckoning         Tloc           15%        N/A       38%         3
 Teleport Other           Tloc           15%        N/A       38%         3
 Slow                     Hex            4%         N/A       71%         1
 Static Discharge         Conj/Air       2%         3-4/arc   85%         2
 Confusing Touch          Hex            1%         N/A       97%         3
 Vampiric Draining        Necr           1%         2d6       97%         3
 Manifold Assault         Tloc           15%        N/A       98%         5
 Dispel Undead            Necr           1%         3d6       100%        4
 Sticky Flame             Conj/Fire      1%         2d3       100%        4


Dungeon Overview and Level Annotations

Branches:
Dungeon (8/15)             Temple (1/1) D:6            Lair (0/5) D:8

Altars:
Ashenzari
Cheibriados
Dithmenos
Elyvilon
Fedhas
Gozag
Hepliaklqana
Kikubaaqudgha
Makhleb
Nemelex Xobeh
Okawaru
Qazlal
Ru
Trog
Uskayaw
Vehumet
Wu Jian
Xom
Yredelemnul
Zin
The Shining One

Annotations:
D:7 2 transporters


Innate Abilities, Weirdness & Mutations

Your serpentine skin is tough. (AC +3)
You have supernaturally acute eyesight. (SInv)
Armour fits poorly on your strangely shaped body.
Your system is resistant to poisons. (rPois)
You cover ground very slowly.
You can spit poison.
You have a snake-like lower body.


Message History

Throw: 7 boomerangs (disperse)
Press: ? - help, Q - select action, (/) - cycle Shift-Dir - straight line, f/p - death yak
Aim: a death yak (moderately wounded, 78% to hit)
You throw a boomerang of dispersal.
The boomerang of dispersal hits the death yak but does no damage.
The death yak is moderately wounded.
Okay, then.
Casting: Blink (safe; 21% risk of failure)
Confirm with . or Enter, or press ? or * to list all spells.
Okay, then.
Unknown command.
Okay, then.
Unknown command.
You feel much better. You block the death yak's attack.
Aiming: Quicksilver Bolt
Press: ? - help, Shift-Dir - straight line, f/p - death yak
Aim: a death yak (moderately wounded, 90% to hit)
The bolt of dispelling energy hits the death yak!
The death yak is heavily wounded.
The death yak gores you!
Aiming: Quicksilver Bolt
Press: ? - help, Shift-Dir - straight line, f/p - death yak
Aim: a death yak (heavily wounded, 90% to hit)
The bolt of dispelling energy hits the death yak!
The death yak is severely wounded.
The death yak gores you but does no damage.
Aiming: Quicksilver Bolt
Press: ? - help, Shift-Dir - straight line, f/p - death yak
Aim: a death yak (severely wounded, 90% to hit)
The bolt of dispelling energy hits the death yak!
The death yak is almost dead.
The death yak gores you!
* * * LOW HITPOINT WARNING * * *
Aiming: Quicksilver Bolt
Press: ? - help, Shift-Dir - straight line, f/p - death yak
Aim: a death yak (almost dead, 90% to hit)
The bolt of dispelling energy hits the death yak!
The death yak is almost dead.
The death yak gores you!
You die...

..##...#########
##..# .....###
#..# ..#### #.##
..# ##### #.#
..###### ##)..##
#.#
#..##..#####.....#
###
##....##.....##..#
##########.####Y#
###.# #@#
##...######
#........#
#######........#
##....##........#
#...........†...##
............?....#
....##......>....#
..######..#†.....#


You could see a death yak.

Vanquished Creatures
  4 death yaks
  Grinder (D:5)
  A yak (D:8)
  An acid dragon (D:8)
  A sky beast (D:6)
  3 black bears
  2 centaurs
  A phantom (D:3)
  3 bullfrogs
  A kobold brigand (D:6)
  3 gnoll sergeants (D:6)
  2 scorpions (D:5)
  4 wights
  5 hounds
  2 orc priests
  5 jellies
  Crazy Yiuf (D:5)
  2 iguanas
  Natasha (thrice) (D:3)
  5 orc wizards
  11 gnolls (D:6)
  9 adders
  2 river rats (D:6)
  A shadow imp (D:5)
  2 ufetubi
  3 worms (D:2)
  3 dart slugs (D:1)
  17 orcs
  6 endoplasms
  3 giant cockroaches
  7 goblins
  6 hobgoblins
  4 jackals (D:1)
  2 quokkas (D:2)
  12 ball pythons
  5 bats
  2 frilled lizards (D:1)
  11 kobolds
  9 rats
165 creatures vanquished.

Vanquished Creatures (others)
  24 plants (D:2)
24 creatures vanquished.

Grand Total: 189 creatures vanquished

Notes
Turn   | Place    | Note
-------+----------+-------------------------------------------
     0 | D:1      | scionoferis the Naga Warper began the quest for the Orb.
     0 | D:1      | Reached XP level 1. HP: 19/19 MP: 3/3
   225 | D:1      | Reached XP level 2. HP: 18/26 MP: 5/5
   236 | D:1      | Learned a level 2 spell: Blink
   658 | D:1      | Reached XP level 3. HP: 27/32 MP: 6/6
  1156 | D:1      | Reached skill level 3 in Long Blades
  1579 | D:2      | Reached XP level 4. HP: 14/39 MP: 7/7
  1812 | D:2      | Found a shimmering altar of Xom.
  2715 | D:3      | Noticed a phantom
  2740 | D:3      | Killed a phantom
  2741 | D:3      | Reached skill level 4 in Long Blades
  2741 | D:3      | Reached XP level 5. HP: 11/45 MP: 8/8
  3205 | D:3      | Noticed Natasha
  3217 | D:3      | Killed Natasha
  3490 | D:3      | Noticed Natasha
  3493 | D:3      | Killed Natasha
  3675 | D:3      | Reached XP level 6. HP: 52/52 MP: 9/9
  3876 | D:3      | Noticed Natasha
  3885 | D:3      | Killed Natasha
  4623 | D:4      | Noticed a black bear
  4631 | D:4      | Killed a black bear
  4632 | D:4      | Reached skill level 5 in Long Blades
  5036 | D:4      | Reached XP level 7. HP: 60/60 MP: 10/10
  5337 | D:5      | Entered Level 5 of the Dungeon
  5904 | D:5      | Reached skill level 6 in Long Blades
  6035 | D:5      | Reached skill level 5 in Translocations
  6192 | D:5      | Found a runed translucent door.
  6193 | D:5      | Noticed Crazy Yiuf
  6231 | D:5      | Reached skill level 1 in Armour
  6357 | D:5      | Noticed Grinder
  6365 | D:5      | Killed Grinder
  6366 | D:5      | Reached XP level 8. HP: 43/67 MP: 6/11
  6724 | D:5      | Killed Crazy Yiuf
  6927 | D:6      | Found a staircase to the Ecumenical Temple.
  6933 | D:5      | Reached skill level 7 in Long Blades
  7361 | Temple   | Entered the Ecumenical Temple
  7481 | Temple   | Became a worshipper of the Wu Jian Council
  7847 | D:6      | Reached skill level 8 in Long Blades
  7946 | D:6      | Reached XP level 9. HP: 12/73 MP: 2/12
  8948 | D:6      | Reached * piety under Wu Jian
  9098 | D:6      | Reached skill level 5 in Dodging
  9346 | D:7      | Reached skill level 9 in Long Blades
  9346 | D:7      | Reached skill level 1 in Shields
  9681 | D:7      | Found a transporter.
  9685 | D:7      | Found a white marble altar of Elyvilon.
  9685 | D:7      | Noticed a boulder beetle
  9686 | D:7      | Found a burning altar of Makhleb.
  9686 | D:7      | Noticed a skeletal warrior
  9687 | D:7      | Found a glowing silver altar of Zin.
  9689 | D:7      | Found a transporter.
 10389 | D:8      | Noticed a death yak
 10389 | D:8      | Noticed a death yak
 10394 | D:8      | Noticed a death yak
 10396 | D:8      | Noticed a death yak
 10412 | D:7      | Killed a death yak
 10593 | D:8      | Noticed a death yak
 10605 | D:7      | Killed a death yak
 10606 | D:7      | Reached skill level 10 in Long Blades
 10606 | D:7      | Reached XP level 10. HP: 9/80 MP: 13/13
 11337 | D:8      | Found a staircase to the Lair.
 11385 | D:8      | HP: 2/80 [death yak (6)]
 11387 | D:8      | Killed a death yak
 11388 | D:8      | Reached skill level 5 in Armour
 11388 | D:8      | Killed a death yak
 11389 | D:8      | Reached skill level 11 in Long Blades
 11413 | D:8      | Slain by a death yak

Illustrated notes

Levels and vault maps discovered:
D:1:      dpeg_arrival_brainrot, layout_basic
D:2:      layout_rooms, basic_altar, serial_bayou_lagoon_a
D:3:      layout_loops_corners, uniq_natasha
D:4:      layout_loops_corners
D:5:      layout_basic, minmay_misc_feat_more_columns, uniq_crazy_yiuf_cottage,
          uniq_grinder
D:6:      layout_loops_ring, temple_fountains, portal_sewer_entry_e,
          minmay_between
D:7:      layout_basic, gammafunk_temple_overflow_arena
D:8:      layout_layer_cave, dpeg_lair_monsters
Temple:   compressed_dpeg_circular_temple

Skill      XL: |  1  2  3  4  5  6  7  8  9 10 |
---------------+-------------------------------+-----
Dodging        | 2 3 4 5 |  5.0
Long Blades    | 3 4 5 6 8 10 11 | 11.3
Translocations | 4 5 |  5.0
Armour         | 1 2 4 5 |  5.0
Shields        | 3 4 |  4.4
Fighting       | |  2.2
Throwing       | |  0.8
Spellcasting   | |  2.0

Action                   |  1- 3 |  4- 6 |  7- 9 | 10-12 || total
-------------------------+-------+-------+-------+-------++-------
Melee: Falchion          |    46 |       |       |       ||    46
       Long sword        |    63 |   141 |   297 |    10 ||   511
       Punch             |     1 |     1 |     2 |       ||     4
Throw: Boomerang         |       |     3 |       |     1 ||     4
       Dart              |       |     5 |    16 |       ||    21
 Cast: Blink             |     2 |       |       |       ||     2
Invok: Lunge             |       |       |    25 |     1 ||    26
       Whirlwind         |       |       |     1 |       ||     1
Evoke: Wand              |       |       |     4 |     9 ||    13
  Use: Potion            |       |     4 |     6 |     1 ||    11
       Scroll            |       |     1 |     5 |     2 ||     8
Armor: Leather armour    |    43 |    31 |       |       ||    74
       Skin              |       |    11 |       |       ||    11
       Ring mail         |       |     7 |    72 |     2 ||    81
Dodge: Dodged            |    65 |    58 |    95 |       ||   218
Block: Kite shield       |       |       |    62 |    11 ||    73
       Reflection        |       |       |     5 |     4 ||     9

Table legend: (Time is in decaauts)
 A = Elapsed time spent in this place.
 B = Non-inter-level travel time spent in this place.
 C = Inter-level travel time spent in this place.
 D = Time resting spent in this place.
 E = Time spent auto-exploring this place.
 F = Levels seen in this place.
 G = Mean time per level.
                   A        B        C        D        E       F      G
               +--------+--------+--------+--------+--------+-----+--------+
         Total |  13684 |  13267 |    417 |   2282 |   8824 |   9 | 1520.4 |
       Dungeon |  13501 |  13122 |    379 |   2282 |   8714 |   8 | 1687.6 |
        Temple |    183 |    146 |     37 |      0 |    109 |   1 |  183.0 |
               +--------+--------+--------+--------+--------+-----+--------+

Top non-repeatable levels by time:
     D:5: 2511 daAuts
     D:3: 1936 daAuts
     D:6: 1797 daAuts
     D:7: 1768 daAuts
     D:1: 1708 daAuts
     D:2: 1472 daAuts
     D:4: 1331 daAuts
     D:8: 975 daAuts
  Temple: 183 daAuts
